 Dungeon Crawl Stone Soup version 0.23.0 (webtiles) character file.

Game seed: 9712568256289670996

15 tidbits the Charmwright (level 2, -8/26 HPs)
             Began as a Gnoll Skald on Feb 14, 2019.
             Mangled by Terence
             ... wielding a +0 mace
              (9 damage)
             ... on level 3 of the Dungeon.
             The game lasted 00:02:38 (270 turns).

tidbits the Charmwright (Gnoll Skald)                Turns: 270, Time: 00:02:39

Health: -8/26      AC:  3    Str: 13    XL:     2   Next: 50%
Magic:  1/7        EV: 20    Int: 19    God:
Gold:   16         SH:  0    Dex: 19    Spells: 5/10 levels left

rFire    . . .     SeeInvis .   a - +0 spear
rCold    . . .     Gourm    .   (no shield)
rNeg     . . .     Faith    .   b - +0 leather armour
rPois    .         Spirit   .   (no helmet)
rElec    .         Reflect  .   (no cloak)
rCorr    .         Harm     .   (no gloves)
MR       .....                  (no boots)
Stlth    +++.......             (no amulet)
HPRegen  0.08/turn              g - +4 ring of intelligence
MPRegen  0.10/turn              (no ring)

@: agile, infused
A: distributed training, fangs 1, strong nose
a: no special abilities


You were on level 3 of the Dungeon.
You were full.

You visited 1 branch of the dungeon, and saw 3 of its levels.

You collected 16 gold pieces.

Inventory:

Hand Weapons
 a - a +0 spear (weapon)
Missiles
 f - 5 tomahawks (quivered)
Armour
 b - a +0 leather armour (worn)
Jewellery
 g - a +4 ring of intelligence (left hand)
   (You found it on level 2 of the Dungeon)
Scrolls
 e - a scroll of teleportation {unknown}
 h - a scroll of remove curse {unknown}
 i - a scroll of identify {unknown}
Comestibles
 d - 3 rations


   Skills:
 + Level 4.5 Fighting
 + Level 0.4 Short Blades
 + Level 0.4 Long Blades
 + Level 0.4 Axes
 + Level 0.4 Maces & Flails
 + Level 4.5 Polearms
 + Level 0.4 Staves
 + Level 0.4 Slings
 + Level 0.4 Bows
 + Level 0.4 Crossbows
 + Level 0.4 Throwing
 + Level 2.5 Armour
 + Level 4.5 Dodging
 + Level 0.4 Stealth
 + Level 0.4 Shields
 + Level 0.4 Unarmed Combat
 + Level 4.9 Spellcasting
 + Level 0.2 Conjurations
 + Level 0.2 Hexes
 + Level 5.3 Charms
 + Level 0.2 Summonings
 + Level 0.2 Necromancy
 + Level 0.2 Translocations
 + Level 0.2 Transmutations
 + Level 0.2 Fire Magic
 + Level 0.2 Ice Magic
 + Level 0.2 Air Magic
 + Level 0.2 Earth Magic
 + Level 0.2 Poison Magic
 + Level 0.5 Invocations
 + Level 0.4 Evocations


You had 5 spell levels left.
You knew the following spells:

 Your Spells              Type           Power        Failure   Level  Hunger
g - Shroud of Golubria    Chrm/Tloc      ###.......   8%          2    #......
i - Infusion              Chrm           ####         1%          1    None
y - Song of Slaying       Chrm           ####....     2%          2    #......

Your spell library contained the following spells:

 Spells                   Type           Power        Failure   Level  Hunger
 Regeneration             Chrm/Necr      ###.......   16%         3    ##.....
 Spectral Weapon          Hex/Chrm       ###.....     16%         3    ##.....


Dungeon Overview and Level Annotations

Branches:
Dungeon (3/15)

Altars:
Hepliaklqana

Annotations:
D:3 Terence


Innate Abilities, Weirdness & Mutations

Your experience applies equally to all skills.
You have very sharp teeth.
Your uncanny sense of smell can sniff out nearby items.


Message History

You feel sick.
You finish memorising.
Spell assigned to 'g'.
You feel sick.
You see here a scroll labeled ATOTOA QEPPES.
i - a scroll labeled ATOTOA QEPPES Unknown command.
You feel sick.
You see here a tomahawk.
Unknown command.
f - 5 tomahawks (gained 1)
You feel sick.
You feel sick.
You feel sick.
You feel sick.
You feel sick.
You feel sick.
You are no longer poisoned.
Okay, then.
Unknown command.
Found a ration.
Terence the Incautious comes into view.
He is wielding a +0 mace.
It was a potion of agility.
You feel agile all of a sudden.
You see here a ration.
d - 3 rations (gained 1) Terence drinks a potion.
Terence seems to speed up.
Casting: Infusion (safe; 1% risk of failure)
Confirm with . or Enter, or press ? or * to list all spells.
You begin infusing your attacks with magical energy.
Found a stone staircase leading up.
Unknown command.
You hit Terence.
Terence is lightly wounded.
Terence misses you.
You closely miss Terence.
Terence is lightly wounded.
Terence hits you but does no damage.
You closely miss Terence. Your bite misses Terence.
Terence is lightly wounded.
Terence hits you with a +0 mace.
* * * LOW HITPOINT WARNING * * *
You closely miss Terence.
Terence is lightly wounded.
Terence misses you.
You aren't carrying any potions.
Unknown command.
You hit Terence.
Terence is moderately wounded.
Terence barely misses you.
You hit Terence.
Terence is moderately wounded.
Terence closely misses you. Terence completely misses you.
You hit Terence.
Terence is heavily wounded.
Terence hits you with a +0 mace.
* * * LOW HITPOINT WARNING * * *
You aren't carrying any potions.
Unknown command.
You hit Terence.
Terence is severely wounded.
Terence misses you.
You hit Terence but do no damage.
Terence is severely wounded.
Terence misses you.
You barely miss Terence.
Terence is severely wounded.
Terence closely misses you.
You closely miss Terence. Your bite misses Terence.
Terence is severely wounded.
Terence misses you.
You barely miss Terence.
Terence is severely wounded.
Terence misses you.
You barely miss Terence.
Terence is severely wounded.
Terence misses you.
You hit Terence.
Terence is severely wounded.
Terence hits you with a +0 mace.
* * * LOW HITPOINT WARNING * * *
You closely miss Terence.
Terence is severely wounded.
Terence closely misses you.
You hit Terence.
Terence is almost dead.
Terence hits you but does no damage.
You hit Terence. You bite Terence, but do no damage.
Terence is almost dead.
Terence closely misses you.
You closely miss Terence.
Terence is almost dead.
Terence closely misses you. Terence completely misses you.
You closely miss Terence.
Terence is almost dead.
Terence says, "Rest in peace."
Terence closely misses you.
You barely miss Terence.
Terence is almost dead.
Terence hits you with a +0 mace!
You die...

. #. # ### ##### #
#.# ###. ..# .....
#.#..###.. #..
..... .........#
#.# #.###
..#......# #.#
#.#.. <........#
#.###†#.. #...@@.##
#.....#..
#.......###
#.##.....
###..##...##
#.####.##
##....#..# #.# #.##
####.##.###.####.##
#...........#...
####.##.###.####
#.##....#.###
#.#####.#....


You could see Terence.

Vanquished Creatures
  An adder (D:3)
  A worm (D:3)
  2 goblins
  A bat (D:1)
5 creatures vanquished.

Notes
Turn   | Place    | Note
-------+----------+-------------------------------------------
     0 | D:1      | tidbits the Gnoll Skald began the quest for the Orb.
     0 | D:1      | Reached XP level 1. HP: 20/20 MP: 6/6
   188 | D:3      | Found a hazy altar of Hepliaklqana.
   199 | D:3      | Reached XP level 2. HP: 19/26 MP: 0/7
   203 | D:3      | Learned a level 2 spell: Song of Slaying
   206 | D:3      | Learned a level 2 spell: Shroud of Golubria
   245 | D:3      | Noticed Terence
   257 | D:3      | HP: 3/26 [Terence/+0 mace (5)]
   264 | D:3      | HP: 1/26 [Terence/+0 mace (3)]
   270 | D:3      | Mangled by Terence

Action                   || total
-------------------------++-------
Melee: Spear             ||    40
       Bite              ||     4
Throw: Tomahawk          ||     1
 Cast: Infusion          ||     2
  Use: Potion            ||     1
 Stab: Sleeping          ||     1
  Eat: Ration            ||     1
Armor: Leather armour    ||     6
Dodge: Dodged            ||    25

Table legend:
 A = Turns spent in this place as a percentage of turns spent in the entire game.
 B = Non-inter-level travel turns spent in this place as a percentage of non-inter-level travel turns spent in the entire game.
 C = Inter-level travel turns spent in this place as a percentage of turns spent in this place.
 D = Turns resting spent in this place as a percentage of non-inter-level travel turns spent in this place.
 E = Turns spent auto-exploring this place as a percentage of non-inter-level travel turns spent in this place.
 F = Non-inter-level travel turns spent in this place divided by the number of levels of this place that you've seen.
                   A       B       C       D       E      F
               +-------+-------+-------+-------+-------+----------------------
         Total | 100.0 | 100.0 |   5.9 |   0.0 |   0.0 |  84.7
       Dungeon | 100.0 | 100.0 |   5.9 |   0.0 |   0.0 |  84.7
               +-------+-------+-------+-------+-------+----------------------

Table legend:
 A = Kills in this place as a percentage of kills in entire the game.
 B = Kills by you in this place as a percentage of kills by you in the entire game.
 C = Kills by friends in this place as a percentage of kills by friends in the entire game.
 D = Other kills in this place as a percentage of other kills in the entire game.
 E = Experience gained in this place as a percentage of experience gained in the entire game.
 F = Experience gained in this place divided by the number of levels of this place that you have seen.
                   A       B       C       D       E      F
               +-------+-------+-------+-------+-------+----------------------
         Total | 100.0 | 100.0 |   N/A |   N/A | 100.0 |   7.3
       Dungeon | 100.0 | 100.0 |   N/A |   N/A | 100.0 |   7.3
               +-------+-------+-------+-------+-------+----------------------

Levels and vault maps discovered:
D:1:      wander_arrival_lonely_grave, layout_basic, wad_floor_pattern_2
D:2:      layout_loops_corners, old_standard_altar, marbit_many_paths,
          uniq_crazy_yiuf_cottage
D:3:      layout_rooms, lemuel_doored_altar, nicolae_overflow_crystal_walls,
          first_ration, uniq_terence
